 Dungeon Crawl Stone Soup version 0.21.1-1-g345015f (webtiles) character file.

210 lotte the Skirmisher (level 5, 0/49 HPs)
             Began as a Naga Skald on June 24, 2018.
             Was an Initiate of the Shining One.
             Slain by an iguana (9 damage)
             ... on level 4 of the Dungeon.
             The game lasted 00:24:53 (4023 turns).

lotte the Skirmisher (Naga Skald)                   Turns: 4023, Time: 00:24:55

Health: 0/49       AC:  6    Str: 14    XL:     5   Next: 88%
Magic:  8/9        EV:  8    Int: 13    God:    the Shining One [......]
Gold:   137        SH:  0    Dex: 11    Spells: 4/9 levels left

rFire    . . .     SeeInvis +   p - +0 flail
rCold    . . .     Gourm    .   (no shield)
rNeg     . . .     Faith    .   k - +0 ring mail
rPois    +         Spirit   .   (no helmet)
rElec    .         Reflect  .   (no cloak)
rCorr    .         Harm     .   f - +1 pair of gloves
MR       .....                  (no barding)
Stlth    +.........             (no amulet)
HPRegen  0.16/turn              n - ring of stealth
MPRegen  0.11/turn              (no ring)

@: singing, glowing, very slow
A: large, see invisible, deformed body, poison resistance, slowness 2, slow
metabolism 1, spit poison 1, AC +1
a: Spit Poison, Renounce Religion


You were on level 4 of the Dungeon.
You worshipped the Shining One.
The Shining One was noncommittal.
You were not hungry.

You visited 1 branch of the dungeon, and saw 4 of its levels.

You collected 137 gold pieces.

Inventory:

Hand Weapons
 a - a +0 mace
 p - a +0 flail (weapon)
Armour
 b - a +0 leather armour
 f - a +1 pair of gloves (worn)
 g - a +0 pair of gloves
 k - a +0 ring mail (worn)
Jewellery
 n - a ring of stealth (left hand)
Wands
 s - a wand of random effects (15)
Scrolls
 h - 4 scrolls of identify {unknown}
 j - a scroll of random uselessness {unknown}
 l - a scroll of noise {unknown}
 m - a scroll of teleportation {unknown}
 o - a scroll of enchant weapon {unknown}
Potions
 e - 2 potions of curing {unknown}
 i - 2 potions of cancellation {unknown}
 r - a potion of brilliance {unknown}
Books
 c - a book of Battle

   Spells                             Type                      Level
   a - Infusion                       Charms                       1
   b - Shroud of Golubria             Charms/Translocation         2
   c - Song of Slaying                Charms                       2
   d - Spectral Weapon                Hexes/Charms                 3
   e - Regeneration                   Charms/Necromancy            3
Comestibles
 d - 4 rations
 q - 3 chunks of flesh


   Skills:
 * Level 3.5 Fighting
 + Level 3.4 Maces & Flails
 + Level 2.0 Armour
 - Level 1.6 Dodging
 - Level 0.1 Stealth
 + Level 2.8 Spellcasting
 - Level 3.2 Charms


You had 4 spell levels left.
You knew the following spells:

 Your Spells              Type           Power        Failure   Level  Hunger
a - Infusion              Chrm           ##..         12%         1    #......
b - Song of Slaying       Chrm           ##......     19%         2    ###....
c - Shroud of Golubria    Chrm/Tloc      #.........   34%         2    ###....


Dungeon Overview and Level Annotations

Branches:
Dungeon (4/15)
 Temple: D:4-7

Altars:
Trog
Yredelemnul
The Shining One

Annotations:
D:4 Sigmund


Innate Abilities, Weirdness & Mutations

You cannot wear boots.
Your serpentine skin is tough. (AC +1)
You have supernaturally acute eyesight. (SInv)
Armour fits poorly on your strangely shaped body.
Your system is resistant to poisons. (rPois)
You cover ground very slowly.
You have a slow metabolism.
You can spit poison.


Message History

You hit the iguana.
The iguana is severely wounded.
The iguana bites you!
Sigmund hits you with a scythe of flaming.
Sigmund burns you.
You barely miss the iguana.
The iguana is severely wounded.
The iguana bites you but does no damage.
Sigmund hits you but does no damage.
You barely miss the iguana.
The iguana is severely wounded.
The iguana closely misses you. The iguana bites you!
* * * LOW HITPOINT WARNING * * *
You barely miss the iguana.
The iguana is severely wounded.
Sigmund closely misses you. The iguana closely misses you.
You hit the iguana.
The iguana is severely wounded.
Sigmund closely misses you. The iguana bites you!
You die...

...........########.###
.>.........(...<......
#.##.##...#.########.#
#.##.###.##.....
###...........###
#.....<....##.#
#.###..###.##.#
##...###.##.#
#.#[..l@##.##.#
#.....@....#
#......%##.#
..........###.#
..##..##..# ... . #..
#... .... ..###
.##.##### #.


You could see Sigmund and an iguana.

Vanquished Creatures
  The ghost of Squonk the Insei, an amateur OpTm (D:3)
  3 adders
  An ooze (D:1)
  2 worms
  2 dart slugs (D:1)
  3 orcs (D:3)
  A ball python (D:3)
  4 bats
  2 giant cockroaches
  4 goblins
  9 hobgoblins
  4 jackals (D:1)
  8 kobolds
  4 frilled lizards
  5 rats
53 creatures vanquished.

Notes
Turn   | Place    | Note
-------+----------+-------------------------------------------
     0 | D:1      | lotte the Naga Skald began the quest for the Orb.
     0 | D:1      | Reached XP level 1. HP: 19/19 MP: 3/3
   437 | D:1      | Reached XP level 2. HP: 21/26 MP: 5/5
   577 | D:1      | Learned a level 2 spell: Song of Slaying
  1081 | D:1      | Reached XP level 3. HP: 30/33 MP: 3/6
  1146 | D:1      | Reached skill level 1 in Armour
  1543 | D:2      | Learned a level 2 spell: Shroud of Golubria
  2167 | D:2      | Reached XP level 4. HP: 21/40 MP: 3/7
  2368 | D:2      | Found a basalt altar of Yredelemnul.
  2624 | D:3      | Found a bloodstained altar of Trog.
  3311 | D:3      | Noticed Squonk's ghost (amateur OpTm)
  3353 | D:3      | Killed Squonk's ghost
  3353 | D:3      | Reached XP level 5. HP: 33/49 MP: 4/9
  3685 | D:3      | Found a glowing golden altar of the Shining One.
  3685 | D:3      | Found a basalt altar of Yredelemnul.
  3689 | D:3      | Noticed a profane servitor
  3703 | D:3      | Noticed an angel
  3736 | D:3      | Became a worshipper of the Shining One
  4012 | D:4      | Noticed Sigmund
  4023 | D:4      | Slain by an iguana

Skill      XL: |  1  2  3  4 |
---------------+-------------+-----
Armour         | 1 2 |  2.0
Fighting       | 3 |  3.5
Maces & Flails | 3 |  3.4
Dodging        | |  1.6
Stealth        | |  0.1
Spellcasting   | |  2.8
Charms         | |  3.2

Action                   |  1- 3 |  4- 6 || total
-------------------------+-------+-------++-------
Melee: Mace              |    90 |    27 ||   117
       Flail             |       |    71 ||    71
 Cast: Song of Slaying   |     8 |    10 ||    18
       Shroud of Golubri |     4 |     5 ||     9
       Infusion          |     1 |       ||     1
  Eat: Chunk             |     2 |     6 ||     8
       Ration            |       |     1 ||     1
Armor: Leather armour    |    58 |       ||    58
       Ring mail         |     7 |    64 ||    71
Dodge: Dodged            |    69 |    75 ||   144
